TOP OF THE 1ST |
Greenville 84s batting - Pitching for San Mateo Dirty Reds : RHP Anastasio Cabanillas Jr.
|
Pitching: RHP Anastasio Cabanillas Jr.
|
|
Batting: SHB Glyn Bolasky
|
0-0: Foul Ball, location: 2F 0-1: Ball 1-1: Fly out, F7 (Flyball, 7LS, EV 89.4 MPH)
|
Batting: LHB Philip Visscher
|
0-0: Called Strike 0-1: Ball 1-1: Ball 2-1: Swinging Strike 2-2: Foul Ball, location: 2F 2-2: SINGLE (Groundball, 4D, EV 103.1 MPH)
|
Batting: RHB Ángelo Delgado
|
0-0: Ball 1-0: Swinging Strike 1-1: Foul Ball, location: 2F 1-2: Strikes out swinging
|
Batting: LHB Chris Payling
|
0-0: Ground out 4-3 (Groundball, 4, EV 88.8 MPH)
|
Top of the 1st over - 0 runs, 1 hit, 0 errors, 1 left on base; Greenville 0 - San Mateo 0 |
BOTTOM OF THE 1ST |
San Mateo Dirty Reds batting - Pitching for Greenville 84s : RHP Jesús Silva
|
Pitching: RHP Jesús Silva
|
|
Batting: LHB Richard Edwards
|
0-0: Foul Ball, location: 2F 0-1: Swinging Strike 0-2: Ball 1-2: Foul Ball, location: 2F 1-2: Ball 2-2: Ground out 6-3 (Groundball, 6, EV 80.0 MPH)
|
Batting: RHB Tae-cho Han
|
0-0: DOUBLE (Line Drive, 78D, EV 100.6 MPH)
|
Batting: LHB Tom Burton
|
0-0: Fly out, F9 (Flyball, 9LS, EV 81.9 MPH)
|
Batting: LHB Palaie Gaoteote
|
0-0: Ball 1-0: Called Strike 1-1: SINGLE (Flyball, 89S, EV 91.9 MPH) Tae-cho Han to third Runner from 3rd tries for Home, SAFE, throw by RF to home
|
Batting: RHB Zahid Kashani
|
0-0: Foul Ball, location: 2F 0-1: Foul Ball, location: 2F 0-2: Strikes out swinging
|
Bottom of the 1st over - 1 run, 2 hits, 0 errors, 1 left on base; Greenville 0 - San Mateo 1 |
TOP OF THE 2ND |
Greenville 84s batting - Pitching for San Mateo Dirty Reds : RHP Anastasio Cabanillas Jr.
|
Batting: RHB Gil Andersen
|
0-0: Ball 1-0: Fly out, F8 (Flyball, 8RD, EV 93.8 MPH)
|
Batting: LHB Roberts Hamhock
|
0-0: Ball 1-0: Ground out 5-3 (Groundball, 56S, EV 84.4 MPH)
|
Batting: RHB António Macías
|
0-0: Swinging Strike 0-1: Called Strike 0-2: Strikes out swinging
|
Top of the 2nd over - 0 runs, 0 hits, 0 errors, 0 left on base; Greenville 0 - San Mateo 1 |
BOTTOM OF THE 2ND |
San Mateo Dirty Reds batting - Pitching for Greenville 84s : RHP Jesús Silva
|
Batting: RHB James Hemwick
|
0-0: SINGLE (Line Drive, 34D, EV 98.1 MPH)
|
Batting: RHB Paul Tate
|
0-0: Ball 1-0: Ball 2-0: Foul Ball, location: 2F 2-1: Ball 3-1: Called Strike 3-2: Base on Balls James Hemwick to second
|
Batting: RHB Arsenio Laurel
|
0-0: Grounds into double play, 5-4-3 (Groundball, 56, EV 103.1 MPH) James Hemwick to third
|
Batting: RHB Ambrose Watkins
|
0-0: SINGLE (Groundball, 6MD, EV 98.1 MPH) James Hemwick scores
|
Batting: LHB Richard Edwards
|
0-0: Swinging Strike 0-1: Ball 1-1: Foul Ball, location: 2F 1-2: Foul Ball, location: 2F 1-2: Foul Ball, location: 2F 1-2: Strikes out swinging
|
Bottom of the 2nd over - 1 run, 2 hits, 0 errors, 1 left on base; Greenville 0 - San Mateo 2 |
TOP OF THE 3RD |
Greenville 84s batting - Pitching for San Mateo Dirty Reds : RHP Anastasio Cabanillas Jr.
|
Batting: LHB Lung Chaim
|
0-0: SINGLE (Line Drive, 89M, EV 101.9 MPH)
|
Batting: RHB Juan Jose Ayala
|
0-0: Called Strike 0-1: Ball 1-1: Swinging Strike 1-2: Foul Ball, location: 2F 1-2: Ball Lung Chaim steals 2nd base 2-2: Strikes out swinging
|
Batting: SHB Glyn Bolasky
|
0-0: Swinging Strike 0-1: Called Strike 0-2: Strikes out looking
|
Batting: LHB Philip Visscher
|
0-0: Fly out, F7 (Flyball, 7LMF, EV 105.0 MPH)
|
Top of the 3rd over - 0 runs, 1 hit, 0 errors, 1 left on base; Greenville 0 - San Mateo 2 |
BOTTOM OF THE 3RD |
San Mateo Dirty Reds batting - Pitching for Greenville 84s : RHP Jesús Silva
|
Batting: RHB Tae-cho Han
|
0-0: Foul Ball, location: 2F 0-1: Foul Ball, location: 2F 0-2: Strikes out swinging
|
Batting: LHB Tom Burton
|
0-0: Ball 1-0: Ground out 5-3 (Groundball, 5, EV 106.2 MPH)
|
Batting: LHB Palaie Gaoteote
|
0-0: Foul Ball, location: 2F 0-1: Called Strike 0-2: Ball 1-2: Foul Ball, location: 2F 1-2: Ball 2-2: Foul Ball, location: 2F 2-2: Foul Ball, location: 2F 2-2: Foul Ball, location: 2F 2-2: Ground out 4-3 (Groundball, 4, EV 86.2 MPH)
|
Bottom of the 3rd over - 0 runs, 0 hits, 0 errors, 0 left on base; Greenville 0 - San Mateo 2 |
TOP OF THE 4TH |
Greenville 84s batting - Pitching for San Mateo Dirty Reds : RHP Anastasio Cabanillas Jr.
|
Batting: RHB Ángelo Delgado
|
0-0: Ball 1-0: Called Strike 1-1: Ball 2-1: Called Strike 2-2: Foul Ball, location: 2F 2-2: Ball 3-2: Foul Ball, location: 2F 3-2: Base on Balls
|
Batting: LHB Chris Payling
|
0-0: Ball 1-0: Fielders Choice at 2nd, 4-6 (Groundball, 34, EV 106.9 MPH)
|
Batting: RHB Gil Andersen
|
0-0: Ball 1-0: Called Strike Chris Payling steals 2nd base 1-1: Ground out 6-3 (Groundball, 6, EV 78.1 MPH) Chris Payling to third
|
Batting: LHB Roberts Hamhock
|
0-0: Called Strike 0-1: Called Strike 0-2: Ball 1-2: Strikes out swinging
|
Top of the 4th over - 0 runs, 0 hits, 0 errors, 1 left on base; Greenville 0 - San Mateo 2 |
BOTTOM OF THE 4TH |
San Mateo Dirty Reds batting - Pitching for Greenville 84s : RHP Jesús Silva
|
Batting: RHB Zahid Kashani
|
0-0: Ball 1-0: Ground out 6-3 (Groundball, 6, EV 79.4 MPH)
|
Batting: RHB James Hemwick
|
0-0: Fly out, F8 (Flyball, 8LM, EV 86.2 MPH)
|
Batting: RHB Paul Tate
|
0-0: Foul Ball, location: 2F 0-1: SINGLE (Line Drive, 4MD, EV 96.9 MPH)
|
Batting: RHB Arsenio Laurel
|
Pickoff Throw to First - Error! E1 Paul Tate to second 0-0: Ball 1-0: Ball 2-0: Called Strike 2-1: Ball 3-1: Fly out, F9 (Line Drive, 9D, EV 92.5 MPH)
|
Bottom of the 4th over - 0 runs, 1 hit, 1 error, 1 left on base; Greenville 0 - San Mateo 2 |
TOP OF THE 5TH |
Greenville 84s batting - Pitching for San Mateo Dirty Reds : RHP Anastasio Cabanillas Jr.
|
Batting: RHB António Macías
|
0-0: Foul Ball, location: 2F 0-1: Called Strike 0-2: Ball 1-2: Ball 2-2: Foul Ball, location: 2F 2-2: Strikes out looking
|
Batting: LHB Lung Chaim
|
0-0: Ball 1-0: Ball 2-0: Fly out, F9 (Flyball, 9LMF, EV 75.0 MPH)
|
Batting: RHB Juan Jose Ayala
|
0-0: Ground out 5-3 (Groundball, 56, EV 81.9 MPH)
|
Top of the 5th over - 0 runs, 0 hits, 0 errors, 0 left on base; Greenville 0 - San Mateo 2 |
BOTTOM OF THE 5TH |
San Mateo Dirty Reds batting - Pitching for Greenville 84s : RHP Jesús Silva
|
Batting: RHB Ambrose Watkins
|
0-0: Foul Ball, location: 2F 0-1: Swinging Strike 0-2: Ball 1-2: Ball 2-2: Strikes out swinging
|
Batting: LHB Richard Edwards
|
0-0: Called Strike 0-1: Swinging Strike 0-2: Strikes out swinging
|
Batting: RHB Tae-cho Han
|
0-0: Foul Ball, location: 2F 0-1: Swinging Strike 0-2: Ball 1-2: Ball 2-2: Ball 3-2: Fly out, F7 (Flyball, 78S, EV 86.9 MPH)
|
Bottom of the 5th over - 0 runs, 0 hits, 0 errors, 0 left on base; Greenville 0 - San Mateo 2 |
TOP OF THE 6TH |
Greenville 84s batting - Pitching for San Mateo Dirty Reds : RHP Anastasio Cabanillas Jr.
|
Batting: SHB Glyn Bolasky
|
0-0: Swinging Strike 0-1: Ball 1-1: Foul Ball, location: 2F 1-2: Fly out, F7 (Flyball, 7S, EV 88.8 MPH)
|
Batting: LHB Philip Visscher
|
0-0: Ball 1-0: Ball 2-0: Called Strike 2-1: SINGLE (Groundball, 4S, EV 65.0 MPH) (infield hit)
|
Batting: RHB Ángelo Delgado
|
Pickoff Throw to First - Out! 1-3 0-0: Called Strike 0-1: Called Strike 0-2: Foul Ball, location: 2F 0-2: Fly out, F4 (Line Drive, 4, EV 63.1 MPH)
|
Top of the 6th over - 0 runs, 1 hit, 0 errors, 0 left on base; Greenville 0 - San Mateo 2 |
BOTTOM OF THE 6TH |
San Mateo Dirty Reds batting - Pitching for Greenville 84s : RHP Jesús Silva
|
Batting: LHB Tom Burton
|
0-0: Foul Ball, location: 2F 0-1: Ball 1-1: Swinging Strike 1-2: Ball 2-2: Ball 3-2: Foul Ball, location: 2F 3-2: Base on Balls
|
Batting: LHB Palaie Gaoteote
|
0-0: Ball 1-0: Ball 2-0: Foul Ball, location: 2F 2-1: Foul Ball, location: 2F 2-2: Strikes out swinging
|
Batting: RHB Zahid Kashani
|
0-0: Called Strike 0-1: Foul Ball, location: 2F 0-2: Strikes out swinging
|
Batting: RHB James Hemwick
|
0-0: Called Strike 0-1: Ball 1-1: Called Strike 1-2: Strikes out looking
|
Bottom of the 6th over - 0 runs, 0 hits, 0 errors, 1 left on base; Greenville 0 - San Mateo 2 |
TOP OF THE 7TH |
Greenville 84s batting - Pitching for San Mateo Dirty Reds : RHP Anastasio Cabanillas Jr.
|
Batting: LHB Chris Payling
|
0-0: Called Strike 0-1: Ball 1-1: SINGLE (Line Drive, 78S, EV 98.1 MPH)
|
Batting: RHB Gil Andersen
|
0-0: Ball 1-0: Called Strike 1-1: Called Strike 1-2: Fly out, F7 (Flyball, 7D, EV 90.0 MPH)
|
Batting: LHB Roberts Hamhock
|
0-0: Ball 1-0: Ball Chris Payling is caught stealing 2nd base 2-6 2-0: Ground out U3 (Groundball, 34, EV 106.9 MPH)
|
Top of the 7th over - 0 runs, 1 hit, 0 errors, 0 left on base; Greenville 0 - San Mateo 2 |
BOTTOM OF THE 7TH |
San Mateo Dirty Reds batting - Pitching for Greenville 84s : RHP Jesús Silva
|
Batting: RHB Paul Tate
|
0-0: Ground out 5-3 (Groundball, 5S, EV 67.5 MPH)
|
Batting: RHB Arsenio Laurel
|
0-0: Called Strike 0-1: Ball 1-1: Swinging Strike 1-2: Foul Ball, location: 2F 1-2: Ball 2-2: Strikes out swinging
|
Batting: RHB Ambrose Watkins
|
0-0: Called Strike 0-1: Called Strike 0-2: Ball 1-2: Foul Ball, location: 2F 1-2: Ball 2-2: Strikes out swinging
|
Bottom of the 7th over - 0 runs, 0 hits, 0 errors, 0 left on base; Greenville 0 - San Mateo 2 |
TOP OF THE 8TH |
Greenville 84s batting - Pitching for San Mateo Dirty Reds : RHP Anastasio Cabanillas Jr.
|
Batting: RHB António Macías
|
0-0: Ground out 6-3 (Groundball, 6, EV 87.5 MPH)
|
Batting: LHB Lung Chaim
|
0-0: Ball 1-0: Ball 2-0: Ground out U3 (Groundball, 34, EV 76.9 MPH)
|
Batting: RHB Juan Jose Ayala
|
0-0: Ball 1-0: Foul Ball, location: 2F 1-1: DOUBLE (Line Drive, 7LD, EV 107.5 MPH)
|
Batting: SHB Glyn Bolasky
|
0-0: Ball 1-0: Ball 2-0: Called Strike 2-1: Called Strike 2-2: Foul Ball, location: 2F 2-2: Strikes out looking
|
Top of the 8th over - 0 runs, 1 hit, 0 errors, 1 left on base; Greenville 0 - San Mateo 2 |
BOTTOM OF THE 8TH |
San Mateo Dirty Reds batting - Pitching for Greenville 84s : RHP Jesús Silva
|
Pitching: LHP Marcos Tejedor
|
|
Batting: LHB Richard Edwards
|
0-0: Ball 1-0: Ball 2-0: Ball 3-0: Base on Balls
|
Pitching: LHP Nees Stroo
|
|
Batting: RHB Tae-cho Han
|
0-0: Foul Ball, location: 2F 0-1: SINGLE (Line Drive, 5D, EV 105.0 MPH) Richard Edwards to second
|
Batting: LHB Tom Burton
|
0-0: Swinging Strike 0-1: Ball 1-1: Called Strike 1-2: Ball 2-2: Strikes out swinging
|
Batting: LHB Palaie Gaoteote
|
0-0: Ball 1-0: Ball 2-0: Fly out, F5 (Popup, 5SF, EV 79.4 MPH)
|
Batting: RHB Zahid Kashani
|
0-0: Called Strike 0-1: Ball 1-1: Foul Ball, location: 2F 1-2: Ball 2-2: Foul Ball, location: 2F 2-2: Ball 3-2: 3-RUN HOME RUN (Line Drive, 78XD, EV 102.5 MPH), Distance : 378 ft
|
Batting: RHB James Hemwick
|
0-0: Ball 1-0: Foul Ball, location: 2F 1-1: Foul Ball, location: 2F 1-2: Strikes out swinging
|
Bottom of the 8th over - 3 runs, 2 hits, 0 errors, 0 left on base; Greenville 0 - San Mateo 5 |
TOP OF THE 9TH |
Greenville 84s batting - Pitching for San Mateo Dirty Reds : RHP Anastasio Cabanillas Jr.
|
Batting: LHB Philip Visscher
|
0-0: Ball 1-0: Ball 2-0: Ball 3-0: Called Strike 3-1: Base on Balls
|
Batting: RHB Ángelo Delgado
|
0-0: Called Strike 0-1: Called Strike 0-2: Ball 1-2: Ball 2-2: Ball 3-2: Foul Ball, location: 2F 3-2: Foul Ball, location: 2F 3-2: SINGLE (Groundball, 56D, EV 107.5 MPH) Philip Visscher to second
|
Pitching: RHP Wendell Drabek
|
|
Batting: LHB Chris Payling
|
0-0: Foul Ball, location: 2F 0-1: Fielders Choice at 2nd, 4-6 (Groundball, 4, EV 87.5 MPH) Philip Visscher to third
|
Batting: RHB Gil Andersen
|
0-0: Ball Passed Ball! Philip Visscher scores Chris Payling to second 1-0: Ball 2-0: SINGLE (Groundball, 6MD, EV 105.0 MPH) Chris Payling to third
|
Batting: LHB Roberts Hamhock
|
0-0: Ball 1-0: Reached on error, E4 (Groundball, 4, EV 106.2 MPH) Chris Payling scores Gil Andersen to second
|
Batting: RHB António Macías
|
0-0: Called Strike 0-1: Swinging Strike 0-2: Ball 1-2: Strikes out swinging
|
Batting: LHB Lung Chaim
|
0-0: Called Strike 0-1: Called Strike 0-2: Ball 1-2: Foul Ball, location: 2F 1-2: Foul Ball, location: 2F 1-2: Foul Ball, location: 2F 1-2: Ball 2-2: Strikes out looking
|
Top of the 9th over - 2 runs, 2 hits, 1 error, 2 left on base; Greenville 2 - San Mateo 5 |
|